 Dungeon Crawl Stone Soup version 0.30-a0-1035-g38d5fb2972 (webtiles) character file.

Game seed: 2278394115575089036

85 DeathPants the Stinger (level 4, 0/36 HPs)
             Began as a Naga Venom Mage on Apr 8, 2023.
             Slain by a jackal (2 damage)
             ... on level 3 of the Dungeon.
             The game lasted 00:06:48 (2656 turns).

DeathPants the Stinger (Naga Venom Mage)            Turns: 2656, Time: 00:06:49

Health: 0/36       AC:  2    Str: 13    XL:     4   Next: 48%
Magic:  8/8        EV:  9    Int: 18    God:
Gold:   114        SH:  0    Dex: 11    Spells: 6/9 levels left

rFire   + . .      SeeInvis +    a - +9 spear of Indomitability {pain, rElec rN+ Str+3}
rCold   . . .      Faith    .    (no shield)
rNeg    + . .      Spirit   .    t - +0 robe
rPois   +          Reflect  .    (no helmet)
rElec   +          Rampage  .    (no cloak)
rCorr   .                        (no gloves)
Will    .....                    (no barding)
Stlth   ++                       c - amulet of magic regeneration
HPRegen 0.26/turn                s - ring of protection from fire
MPRegen 0.51/turn                (no ring)

@: very slow
A: AC +1, large, see invisible, deformed body, poison resistance, slowness 2,
spit poison 1, naga tail 1
a: Spit Poison


You were on level 3 of the Dungeon.
You visited 1 branch of the dungeon, and saw 4 of its levels.

You collected 198 gold pieces.
You spent 84 gold pieces at shops.

Inventory:

Hand Weapons
 a - the +9 spear of Indomitability (weapon) {pain, rElec rN+ Str+3}
   (You found it on level 2 of the Dungeon)

   Str:       It affects your strength (+3).
   rElec:     It insulates you from electricity.
   rN:        It protects you from negative energy.
 b - a +0 dagger
Armour
 t - a +0 robe (worn)
Jewellery
 c - an amulet of magic regeneration (around neck)
 s - a ring of protection from fire (left hand)
Scrolls
 h - 2 scrolls of immolation {unknown}
 i - a scroll of fear {unknown}
 j - a scroll of enchant armour {unknown}
 k - a scroll of brand weapon {unknown}
 m - a scroll of noise {unknown}
 o - a scroll of fog {unknown}
 p - a scroll of teleportation {unknown}
Potions
 d - 2 potions of magic
 e - a potion of haste
 f - a potion of resistance
 g - 3 potions of curing
 l - 2 potions of brilliance
 n - a potion of mutation {unknown}
 q - a potion of lignification {unknown}
 r - a potion of heal wounds {unknown}


   Skills:
 - Level 1.5 Dodging
 - Level 3.0 Stealth
 + Level 3.0 Spellcasting
 - Level 1.0 Transmutations
 - Level 6.0 Poison Magic


You had 6 spell levels left.
You knew the following spells:

 Your Spells              Type           Power      Damage    Failure   Level
a - Sting                 Tmut/Pois      60%        1d6       3%          1
b - Poisonous Vapours     Pois/Air       26%        N/A       7%          2

Your spell library contained the following spells:

 Spells                   Type           Power      Damage    Failure   Level
 Olgreb's Toxic Radiance  Pois           24%        N/A       14%         4
 Mephitic Cloud           Conj/Pois/Air  9%         N/A       22%         3
 Animate Armour           Summ/Erth      4%         N/A       85%         4
 Blade Hands              Tmut           3%         N/A       96%         5
 Iron Shot                Conj/Erth      1%         9d1       100%        6


Dungeon Overview and Level Annotations

Branches:
Dungeon (4/15)
 Temple: D:4-7

Altars:

Shops:
D:1 ?


Innate Abilities, Weirdness & Mutations

Your serpentine skin is tough. (AC +1)
You have supernaturally acute eyesight. (SInv)
Armour fits poorly on your strangely shaped body.
Your system is resistant to poisons. (rPois)
You cover ground very slowly.
You can spit poison.
You have a snake-like lower body.


Message History

You closely miss the orc.
The orc is lightly wounded.
The orc hits you with a +0 club.
The kobold throws a poisoned dart.
The poisoned dart hits you!
You are poisoned.
You closely miss the orc.
The orc is lightly wounded.
You feel very sick. The jackal bites you. The orc closely misses you.
The jackal bites you but does no damage.
The jackal closely misses you.
You feel sick.
The jackal bites you. x2; The orc barely misses you.
The orc hits you with a +0 club.
You climb upwards.
You feel very sick.
There is a stone staircase leading down here.
You puncture the orc!
You kill the orc!
You feel sick. The jackal closely misses you. The jackal barely misses you.
The jackal closely misses you.
The jackal bites you but does no damage.
Your Spellcasting skill increases to level 3!
The jackal attacks as you move away! The jackal bites you.
You feel sick. The jackal closely misses you.
You see here a +0 club.
The jackal attacks as you move away! The jackal bites you.
* * * LOW HITPOINT WARNING * * *
You feel sick. The jackal closely misses you.
You feel sick.
You are no longer poisoned.
The jackal bites you but does no damage.
The jackal barely misses you. The jackal attacks as you move away!
The jackal bites you.
* * * LOW HITPOINT WARNING * * *
The jackal attacks as you move away! The jackal bites you.
* * * LOW HITPOINT WARNING * * *
The jackal bites you.
* * * LOW HITPOINT WARNING * * *
The jackal bites you.
You die...

##.#.#. #####......
....... ...!.....# .....
#...# # ...# #...# ####
#.##.## #..†# ##...
#.#...## #)..###....
#..#.#)## #..........
#..†....########...###....
#..#.#).h@.........# ##...
#....>..h..######.## ##.#
####.####### #.# #.# #.#
#.# #.# #.# #.# #.# #.#
... #.# #.. ..# #.# ###.#
### #.# ..# #...# ########
#.# #....


You could see 2 jackals.

Vanquished Creatures
  4 adders
  A worm (D:2)
  An orc (D:3)
  3 bats
  6 endoplasms
  2 giant cockroaches (D:1)
  2 goblins
  6 hobgoblins
  2 jackals (D:4)
  4 kobolds
  A quokka (D:2)
  4 ball pythons
  2 frilled lizards
  5 rats
43 creatures vanquished.

Notes
Turn   | Place    | Note
-------+----------+-------------------------------------------
     0 | D:1      | DeathPants the Naga Venom Mage began the quest for the Orb.
     0 | D:1      | Reached XP level 1. HP: 15/15 MP: 3/3
   410 | D:1      | Reached XP level 2. HP: 21/22 MP: 3/5
   465 | D:1      | Found Qaaw's Magic Scroll Boutique.
   482 | D:1      | Bought a scroll of identify for 28 gold pieces
   482 | D:1      | Bought a scroll of identify for 28 gold pieces
   580 | D:1      | Bought a scroll of identify for 28 gold pieces
   742 | D:1      | Learned a level 2 spell: Poisonous Vapours
  1275 | D:1      | Reached skill level 5 in Poison Magic
  1318 | D:3      | Reached XP level 3. HP: 26/28 MP: 2/6
  1877 | D:2      | Reached XP level 4. HP: 27/36 MP: 5/8
  1946 | D:2      | Identified the +9 spear of Indomitability {pain, rElec rN+
                  | Str+3}
  2231 | D:3      | Noticed an ice beast
  2500 | D:3      | Reached skill level 6 in Poison Magic
  2656 | D:3      | Slain by a jackal

Illustrated notes

Levels and vault maps discovered:
D:1:      dpeg_arrival_arbitrary_c, layout_loops_corners, serial_shops,
          nicolae_square_shop, solitary_fountain, roderic_serpentine_path
D:2:      layout_loops_ring, dreamdust_mushroom_princess
D:3:      layout_loops_ring, lightli_corner_chamber
D:4:      layout_layer_cave, jmf_multi_god_temple, kennysheep_windowed_goal,
          uniq_ijyb, uniq_blork_the_orc, uniq_duvessa

Skill      XL: |  1  2  3  4 |
---------------+-------------+-----
Poison Magic   | 5 6 |  6.0
Spellcasting   | 3 |  3.0
Dodging        | |  1.5
Stealth        | |  3.0
Transmutations | |  1.0

Action                     |  1- 3 |  4- 6 || total
---------------------------+-------+-------++-------
  Melee: Dagger            |    46 |       ||    46
         Mace              |     2 |       ||     2
         Spear             |       |    19 ||    19
   Cast: Sting             |    38 |    14 ||    52
    Use: Scroll            |     4 |       ||     4
   Stab: Sleeping          |     4 |       ||     4
 Armour: Robe              |    10 |     4 ||    14
  Dodge: Dodged            |    20 |    17 ||    37

Table legend: (Time is in decaauts)
 A = Elapsed time spent in this place.
 B = Non-inter-level travel time spent in this place.
 C = Inter-level travel time spent in this place.
 D = Time resting spent in this place.
 E = Time spent auto-exploring this place.
 F = Levels seen in this place.
 G = Mean time per level.
                   A        B        C        D        E       F      G
               +--------+--------+--------+--------+--------+-----+--------+
         Total |   3340 |   3282 |     58 |    113 |   2595 |   4 |  835.0 |
       Dungeon |   3340 |   3282 |     58 |    113 |   2595 |   4 |  835.0 |
               +--------+--------+--------+--------+--------+-----+--------+

Top non-repeatable levels by time:
     D:1: 1636 daAuts
     D:2: 1098 daAuts
     D:3: 584 daAuts
     D:4: 21 daAuts
